 Dungeon Crawl Stone Soup version 0.22.1-6-g1668fe2 (webtiles) character file.

217 zephron84 the Sneak (level 5, -3/35 HPs)
             Began as a Vampire Enchanter on Feb 5, 2019.
             Slain by a hound (5 damage)
             ... on level 3 of the Dungeon.
             The game lasted 00:13:51 (2636 turns).

zephron84 the Sneak (Vampire Enchanter)             Turns: 2636, Time: 00:13:51

Health: -3/35      AC:  5    Str:  7    XL:     5   Next: 62%
Magic:  2/8        EV: 15    Int: 17    God:
Gold:   138        SH:  0    Dex: 16    Spells: 4/8 levels left

rFire    . . .     SeeInvis +   c - +2 dagger (speed)
rCold    + . .     Gourm    .   (no shield)
rNeg     + + .     Faith    .   b - +0 robe
rPois    +         Spirit   .   (no helmet)
rElec    .         Reflect  .   (no cloak)
rCorr    .         Harm     .   h - +1 pair of gloves
MR       .....                  m - +0 pair of boots
Stlth    ++++......             (no amulet)
HPRegen  0.05/turn              (no ring)
MPRegen  0.11/turn              (no ring)

@: regenerating slowly
A: fangs 3, see invisible, unbreathing
a: Bat Form


You were on level 3 of the Dungeon.
You were thirsty.

You visited 1 branch of the dungeon, and saw 4 of its levels.

You collected 138 gold pieces.

Inventory:

Hand Weapons
 c - a +2 dagger of speed (weapon)
 y - a +2 hand axe of electrocution
 C - a +0 dagger of pain
Missiles
 j - 46 sling bullets
 q - 91 stones
 t - 6 tomahawks (quivered)
Armour
 b - a +0 robe (worn)
 h - a +1 pair of gloves (worn)
 m - a +0 pair of boots (worn)
Jewellery
 p - an uncursed ring of fire {unknown}
 u - a +3 ring of strength {unknown}
 B - an uncursed ring of resist corrosion {unknown}
 E - an uncursed amulet of rage {unknown}
Scrolls
 e - a scroll of enchant armour {unknown}
 f - 3 scrolls of identify {unknown}
 i - a scroll of fog {unknown}
 n - a scroll of enchant weapon {unknown}
 o - a scroll of noise {unknown}
 s - a scroll of teleportation {unknown}
 v - 2 scrolls of magic mapping {unknown}
 w - 5 scrolls of remove curse {unknown}
 D - a scroll of amnesia {unknown}
Potions
 a - a potion of curing {unknown}
 d - 21 potions of blood
 g - a potion of berserk rage {unknown}
 k - a potion of flight {unknown}
 l - a potion of invisibility {unknown}
 r - a potion of heal wounds {unknown}
 x - 2 potions of mutation {unknown}
 z - a potion of magic {unknown}
 A - 2 potions of agility {unknown}


   Skills:
 + Level 0.2 Fighting
 + Level 2.0 Short Blades
 * Level 4.5 Dodging
 - Level 6.0 Stealth
 - Level 2.0 Spellcasting
 - Level 6.0 Hexes


You had 4 spell levels left.
You knew the following spells:

 Your Spells              Type           Power        Failure   Level  Hunger
a - Corona                Hex            ###....      1%          1    #......
b - Confuse               Hex            ###.....     4%          3    ###....

Your spell library contained the following spells:

 Spells                   Type           Power        Failure   Level  Hunger
 Tukima's Dance           Hex            ###.....     4%          3    ###....
 Ensorcelled Hibernation  Hex/Ice        ##....       9%          2    ###....
 Dazzling Spray           Conj/Hex       ##....       17%         3    ###....


Dungeon Overview and Level Annotations

Branches:
Dungeon (4/15)
 Temple: D:4-7

Altars:
Hepliaklqana
Okawaru
Qazlal


Innate Abilities, Weirdness & Mutations

You heal slowly.
You have razor-sharp teeth.
You have supernaturally acute eyesight. (SInv)
You can survive without breathing.


Message History

You hit the hound.
The hound is moderately wounded.
Casting: Corona (safe; 1% risk of failure)
Confirm with . or Enter, or press ? or * to list all spells.
You don't have enough magic to cast that spell.
Throwing (i - inventory. (/) - cycle)
t - 7 tomahawks (quivered)
Press: ? - help, Shift-Dir - straight line, f - hound
Aim: a hound (moderately wounded, softly glowing)
You throw a tomahawk. The tomahawk closely misses the hound.
The hound bites you.
* * * LOW HITPOINT WARNING * * *
The hound closely misses you.
Casting: Corona (safe; 1% risk of failure)
Confirm with . or Enter, or press ? or * to list all spells.
You don't have enough magic to cast that spell.
Unknown command.
You hit the hound.
The hound is heavily wounded.
The hound bites you.
You die...

##.....#.#####...#### ######....
##.###.#.........# #####
##...#.#...<.#...#
####.#.#.....#...# #
#.#.#.........############
####.#......................#
...#.###.....##...).........# ###
.....###.....##.............# #..
...........####.@...........# #..
....######.####..h..........# #..
....# #..................# #..
....# #####..............# #..
....##########......(.......# #..
...............###.#'######## #†.
...........#.......#'####### #..
...........+...............####..
...........#.#...................


You could see a hound.

Vanquished Creatures
  An ogre (D:3)
  2 iguanas (D:4)
  2 adders
  A leopard gecko (D:1)
  4 orcs
  8 giant cockroaches
  9 goblins
  6 hobgoblins
  5 jackals
  A quokka (D:3)
  A ball python (D:2)
  9 bats
  2 frilled lizards
  A quokka skeleton (D:2)
  4 rats
56 creatures vanquished.

Notes
Turn   | Place    | Note
-------+----------+-------------------------------------------
     0 | D:1      | zephron84 the Vampire Enchanter began the quest for the
                  | Orb.
     0 | D:1      | Reached XP level 1. HP: 13/13 MP: 3/3
   135 | D:1      | Reached XP level 2. HP: 19/19 MP: 5/5
   145 | D:1      | Reached skill level 5 in Stealth
   679 | D:2      | Reached XP level 3. HP: 24/24 MP: 6/6
   686 | D:2      | Reached skill level 5 in Hexes
  1251 | D:2      | Found a stormy altar of Qazlal.
  1292 | D:2      | Found a hazy altar of Hepliaklqana.
  1890 | D:3      | Reached XP level 4. HP: 15/30 MP: 4/7
  1897 | D:3      | Learned a level 3 spell: Confuse
  2389 | D:4      | Found an iron altar of Okawaru.
  2460 | D:4      | Noticed an ogre
  2554 | D:3      | Killed an ogre
  2554 | D:3      | Reached XP level 5. HP: 5/35 MP: 8/8
  2636 | D:3      | Slain by a hound

Skill      XL: |  1  2  3  4  5 |
---------------+----------------+-----
Stealth        | 5 6 |  6.0
Hexes          | 5 6 |  6.0
Dodging        | 3 4 |  4.5
Short Blades   | 2 |  2.0
Fighting       | |  0.2
Spellcasting   | |  2.0

Action                   |  1- 3 |  4- 6 || total
-------------------------+-------+-------++-------
Melee: Dagger            |   172 |    64 ||   236
       Bite              |    11 |     4 ||    15
Throw: Tomahawk          |       |     8 ||     8
 Cast: Corona            |    25 |     4 ||    29
       Confuse           |       |     3 ||     3
 Stab: Sleeping          |    13 |     3 ||    16
       Confused          |       |     1 ||     1
  Eat: Corpse            |     8 |       ||     8
Armor: Robe              |    47 |    12 ||    59
Dodge: Dodged            |   124 |    59 ||   183
